 Dungeon Crawl Stone Soup version bcrawl-1.21.3-2-g9d8a61a446 (webtiles) character file.

Game seed: 6167266551621014014

136 MisterOstroum the Skirmisher (level 4, -1/35 HPs)
             Began as a Mummy Sloth Apostle on Apr 18, 2020.
             Was a Believer of Cheibriados.
             Slain by a sky beast (5 damage)
             ... on level 3 of the Dungeon.
             The game lasted 00:04:22 (3356 turns).

MisterOstroum the Skirmisher (Mummy Sloth Apostle)  Turns: 3356, Time: 00:04:23

Health: -1/35      AC:  2    Str: 20    XL:     4   Next: 98%
Magic:  6/6        EV: 11    Int: 15    God:    Cheibriados [**....]
Gold:   169        SH:  0    Dex: 15    Spells: 4/5 levels left

rFire    x . .     SeeInvis .   p - +2 dagger (venom)
rCold    + . .     Gourm    .   (no shield)
rNeg     + + +     Faith    .   b - +0 robe
rPois    ∞         Spirit   .   (no helmet)
rElec    .         Reflect  .   (no cloak)
rCorr    .         Harm     .   (no gloves)
MR       .....     Clarity  +   (no boots)
Stlth    ++........             (no amulet)
HPRegen  0.11/turn              (no ring)
MPRegen  0.10/turn              (no ring)

@: very slow
A: no food or potions, fire vulnerability, clarity, cold resistance 1, negative
energy resistance 3, torment resistance, unbreathing
a: Bend Time, Renounce Religion


You were on level 3 of the Dungeon.
You worshipped Cheibriados.
Cheibriados was pleased with you.
You were not hungry.

You visited 1 branch of the dungeon, and saw 3 of its levels.

You collected 169 gold pieces.

Inventory:

Hand Weapons
 a - a +0 hand axe
 g - a +1 dagger of draining
 k - a +1 spear of venom
 o - a +0 hunting sling
 p - a +2 dagger of venom (weapon)
Missiles
 e - 607 arrows
 h - 756 stones (quivered)
 n - 112 bolts
Armour
 b - a +0 robe (worn)
 c - a +0 medium shield
 q - a +0 helmet
Jewellery
 s - an uncursed amulet of rage {unknown}
Wands
 d - a wand of paralysis (10)
Scrolls
 f - a scroll of fear {unknown}
 i - a scroll of fog {unknown}
 j - 2 scrolls of identify {unknown}
 l - a scroll of remove curse {unknown}
 m - 2 scrolls of teleportation {unknown}
 r - a scroll of amnesia {unknown}
 t - a scroll of enchant weapon {unknown}


   Skills:
 + Level 3.4 Fighting
 * Level 1.7 Short Blades
 - Level 1.6 Axes
 - Level 3.0 Stealth
 - Level 1.5 Shields
 - Level 1.3 Spellcasting
 - Level 0.8 Hexes
 * Level 2.0 Evocations


You had 4 spell levels left.
You knew the following spells:

 Your Spells              Type           Power        Failure   Level  Hunger
a - Slow                  Hex            #.......     17%         1    N/A
Your spell library was empty.

Dungeon Overview and Level Annotations

Branches:
Dungeon (3/12)

Altars:

Annotations:
D:2 exclusion: ogre


Innate Abilities, Weirdness & Mutations

You do not eat or drink.
Your flesh is vulnerable to fire.
You are immune to poison.
You possess an exceptional clarity of mind.
Your flesh is cold resistant. (rC+)
You are immune to negative energy. (rN+++)
You are immune to unholy pain and torment.
You can survive without breathing.


Message History

You kill the worm!
No target in view!
No target in view!
No target in view!
No target in view!
No target in view!
No target in view!
No target in view!
No target in view!
No target in view!
No target in view!
A worm comes into view.
A worm is nearby!
A worm is nearby!
An adder comes into view.
You see here a scroll labeled MYJUOPT ZAKI.
The worm closely misses you.
You completely miss the worm. The worm bites you.
You barely miss the worm. You hit the worm.
The worm is poisoned.
The worm is moderately wounded.
The worm bites you!
You hit the worm.
The worm looks more poisoned.
The worm is heavily wounded.
The adder hisses angrily.
You hit the worm.
The worm looks more poisoned.
The worm is severely wounded.
The worm bites you! The adder bites you but does no damage.
You are too injured to fight recklessly!
You are too injured to fight recklessly!
You are too injured to fight recklessly!
You are too injured to fight recklessly!
You are too injured to fight recklessly!
You are too injured to fight recklessly!
There are monsters nearby!
There are monsters nearby!
You hit the worm.
The worm looks more poisoned.
The worm is almost dead.
You kill the worm!
The adder barely misses you.
You closely miss the adder. The adder completely misses you.
You hit the adder.
The adder is lightly wounded.
The adder bites you but does no damage.
You hit the adder.
The adder is poisoned.
The adder is moderately wounded.
The adder bites you. x2
You hit the adder.
The adder looks more poisoned.
The adder is almost dead.
The adder completely misses you.
You hit the adder.
You kill the adder!
Cheibriados appreciates the change of pace.
Cheibriados raises the support of your attributes as your movement slows.
Your Evocations skill increases to level 2!
HP restored.
j - 2 scrolls labeled MYJUOPT ZAKI (gained 1)
Found a ration.
You now have 169 gold pieces (gained 22).
Found a ring mail.
Found a stone staircase leading up.
Found a stone staircase leading up.
A goblin comes into view. It is wielding a -1 club.
An adder, a rat and a sky beast come into view.
The sky beast flickers out of sight!
Deactivating autopickup; reactivate with Ctrl-A.
The goblin shouts!
You closely miss the adder. The adder barely misses you. The adder bites you.
You miss the adder. Something hits you. Something shocks you.
The adder closely misses you.
You hit the adder.
The adder is poisoned.
The adder is heavily wounded.
Something hits you but does no damage. The adder bites you but does no damage.
You hit the adder.
The adder looks more poisoned.
The adder is severely wounded.
Something hits you. Something shocks you. The goblin barely misses you.
The adder completely misses you.
You are too injured to fight recklessly!
You are too injured to fight recklessly!
You are too injured to fight recklessly!
You are too injured to fight recklessly!
You kill the adder!
Cheibriados thoroughly appreciates the change of pace.
The rat bites you. The goblin barely misses you.
There is a stone staircase leading up here.
The goblin barely misses you.
A sky beast appears from thin air!
Reactivating autopickup.
The goblin hits you but does no damage.
You hit the goblin.
You kill the goblin!
Cheibriados appreciates the change of pace.
You closely miss the sky beast.
The sky beast flickers out of sight!
Deactivating autopickup; reactivate with Ctrl-A.
Something hits you. Something shocks you.
* * * LOW HITPOINT WARNING * * *
You miss something. Something hits you.
* * * LOW HITPOINT WARNING * * *
Something shocks you.
You die...

..# ## #####.# #.
......#.###### #.########
<.#[.........# #.#...<..#
#.#.#.#......# #.#.#.#..#
#.#.#@#......# ....#.#..#
#.#.#{#......#.
......#.##.#.#.#r#r......#
###.###.##.#.#..<≈.......#
.........^....####.#.....#
##..#.#.#.#.#......+.....#
#..#.#.#.#.#.######.....#
#..#.#.#.#.#............#
#..#.#.#.#.#.##########.#


You could see a rat.

Vanquished Creatures
  Robin (D:1)
  3 adders
  An ooze (D:2)
  An adder zombie (D:3)
  5 worms
  2 dart slugs
  2 leopard geckos
  9 bats
  2 giant cockroaches (D:1)
  9 hobgoblins
  3 jackals (D:1)
  A quokka (D:2)
  2 ball pythons
  3 frilled lizards
  17 goblins
  4 kobolds
  4 rats
69 creatures vanquished.

Notes
Turn   | Place    | Note
-------+----------+-------------------------------------------
     0 | D:1      | MisterOstroum the Mummy Sloth Apostle began the quest for
                  | the Orb.
     0 | D:1      | Reached XP level 1. HP: 16/16 MP: 2/2
   338 | D:1      | Reached XP level 2. HP: 11/23 MP: 4/4
  1001 | D:2      | Reached XP level 3. HP: 29/29 MP: 5/5
  1016 | D:2      | Reached skill level 1 in Evocations
  1082 | D:2      | Reached * piety under Cheibriados
  1255 | D:2      | Noticed Robin
  2098 | D:1      | Killed Robin
  2098 | D:1      | Reached skill level 1 in Short Blades
  2102 | D:1      | Reached XP level 4. HP: 17/35 MP: 6/6
  3039 | D:2      | Noticed an ogre
  3141 | D:3      | Reached ** piety under Cheibriados
  3343 | D:3      | Noticed a sky beast
  3356 | D:3      | Slain by a sky beast

Skill      XL: |  1  2  3  4 |
---------------+-------------+-----
Stealth        | 3 |  3.0
Fighting       | 3 |  3.4
Evocations     | 1 2 |  2.0
Short Blades   | 1 |  1.7
Axes           | |  1.6
Shields        | |  1.5
Spellcasting   | |  1.3
Hexes          | |  0.8

Action                   |  1- 3 |  4- 6 || total
-------------------------+-------+-------++-------
Melee: Hand axe          |    14 |       ||    14
       Dagger            |   118 |    88 ||   206
Throw: Stone             |       |    38 ||    38
Invok: Bend Time         |     1 |     1 ||     2
 Stab: Sleeping          |     5 |     2 ||     7
Armor: Robe              |    36 |    29 ||    65
Dodge: Dodged            |    91 |    56 ||   147
Block: Medium shield     |    28 |       ||    28
